 Dungeon Crawl Stone Soup version 0.18.1-48-g4cf74bf (webtiles) character file.

1386 torvon the Charmwright (level 8, -2/63 HPs)
             Began as a Merfolk Skald on Aug 8, 2016.
             Killed by divine providence
             ... invoked by an orc priest
              (13 damage)
             ... on level 6 of the Dungeon.
             The game lasted 00:33:05 (5617 turns).

torvon the Charmwright (Merfolk Skald)              Turns: 5617, Time: 00:33:06

Health: -2/63      AC:  7    Str: 12    XL:     8   Next: 67%
Magic:  16/22      EV: 11    Int: 19    God:
Gold:   238        SH:  8    Dex: 13    Spells: 4 memorised, 4 levels left

rFire  . . .     SeeInvis .     B - +8 trident of Votaane {flame, rPois rN+ Int+5}
rCold  . . .     Gourm    .     b - +0 leather armour
rNeg   + . .     Faith    .     v - +0 shield
rPois  +         Spirit   .     (no helmet)
rElec  .         Dismiss  +     y - +1 cloak
rCorr  +         Reflect  .     k - +0 pair of gloves
SustAt .         Harm     .     D - +0 pair of boots
MR     .....                    s - amulet of dismissal
Stlth  +.........               u - ring of resist corrosion
                                x - ring of magical power

@: infused, very slightly contaminated, not resistant to hostile enchantments,
very unstealthy
A: change form in water, swift swim
a: no special abilities


You were on level 6 of the Dungeon.
You were not hungry.

You visited 1 branch of the dungeon, and saw 6 of its levels.

You collected 337 gold pieces.
You spent 99 gold pieces at shops.

Inventory:

Hand Weapons
 a - a +4 spear
 B - the +8 trident of Votaane (weapon) {flame, rPois rN+ Int+5}
   (You found it on level 4 of the Dungeon)

   It has been specially enchanted to burn those struck by it, causing extra
   injury to most foes and up to half again as much damage against particularly
   susceptible opponents.
   It affects your intelligence (+5).
   It protects you from poison.
   It protects you from negative energy.
Missiles
 r - 3 tomahawks of returning (quivered)
Armour
 b - a +0 leather armour (worn)
 k - a +0 pair of gloves (worn)
 v - a +0 shield (worn)
 y - a +1 cloak (worn)
 D - a +0 pair of boots (worn)
 E - a +0 large shield
Jewellery
 j - an uncursed ring of fire
 q - an uncursed ring of fire
 s - an amulet of dismissal (around neck)
 u - a ring of resist corrosion (right hand)
 x - a ring of magical power (left hand)
Wands
 w - a wand of flame (15/48)
 F - a wand of lightning (4/15)
Scrolls
 e - 6 scrolls of remove curse
 f - a scroll of random uselessness {unknown}
 g - 4 scrolls of teleportation
 h - a scroll of recharging {unknown}
 i - a scroll of enchant weapon
 m - a scroll of enchant armour {unknown}
 n - 2 scrolls of noise {unknown}
 t - 3 scrolls of identify
 C - a scroll of amnesia {unknown}
Potions
 l - 2 potions of resistance {unknown}
 o - 2 potions of cancellation {unknown}
 p - a potion of lignification {unknown}
 z - 4 potions of curing
 A - 3 potions of mutation {unknown}
Books
 c - a book of Battle

   Spells                             Type                      Level
   a - Infusion                       Charms                       1
   b - Shroud of Golubria             Charms/Translocation         2
   c - Song of Slaying                Charms                       2
   d - Spectral Weapon                Hexes/Charms                 3
   e - Regeneration                   Charms/Necromancy            3
Comestibles
 d - 4 bread rations


   Skills:
 + Level 5.5 Fighting
 + Level 6.4 Polearms
 - Level 0.6 Armour
 - Level 4.4 Dodging
 * Level 2.3 Shields
 + Level 3.4 Spellcasting
 + Level 7.7 Charms


You had 4 spell levels left.
You knew the following spells:

 Your Spells              Type           Power        Failure   Level  Hunger
a - Infusion              Chrm           ####         4%          1    None
b - Shroud of Golubria    Chrm/Tloc      ###.......   34%         2    ##.....
c - Spectral Weapon       Hex/Chrm       ###.....     69%         3    ###....
d - Regeneration          Chrm/Necr      ###.......   69%         3    ###....


Dungeon Overview and Level Annotations

Branches:
Dungeon (6/15)
 Temple: D:4-7

Altars:
Dithmenos
Ru
Xom
Zin

Shops:
D:5 }


Message History

You block the orc warrior's attack.
You are too injured to fight recklessly!
You are too injured to fight recklessly!
You are too injured to fight recklessly!
Attack whom?
Press: ? - help, Dir - move target cursor, f/p - orc warrior
Aim: an orc warrior, wielding a scimitar and wearing a chain mail (almost dead)
You reach to attack!
You hit the orc warrior! You burn the orc warrior.
You kill the orc warrior!
Zapping:
F - a wand of lightning (5/15)
Press: ? - help, Shift-Dir - straight line, f - orc priest
Aim: an orc priest, wielding a hand axe and wearing a chain mail You hear a mighty clap of thunder!
The bolt of lightning hits the shadow imp.
The shadow imp is moderately wounded.
The bolt of lightning misses the orc priest.
This wand has 4 charges left.
The orc priest invokes the aid of Beogh against you.
Beogh smites you!
You die...

#.........#
#.......# #.....#
#..)# #o# #o# #.#
##5## ##.@.##
#)....# ##...##
###
..#.###.####.....
#........<...#
..#.###.######
#.# #.# #.#


You could see 2 orc priests and a shadow imp.

Vanquished Creatures
  The ghost of torvon the Charmwright, an amateur MfSk (D:3)
  Menkaure (D:5)
  An orc warrior (D:6)
  An ice beast (D:5)
  2 ogres
  2 scorpions
  3 crimson imps (D:5)
  A centaur zombie (D:5)
  A hound (D:5)
  An orc priest (D:4)
  2 centaur skeletons
  3 orc wizards
  7 worker ants (D:5)
  A hound skeleton (D:4)
  A howler monkey zombie (D:4)
  2 gnolls (D:5)
  3 adders (D:2)
  An ooze (D:4)
  2 worms
  3 dart slugs
  7 giant geckos
  9 orcs
  10 bats
  8 giant cockroaches
  5 goblins
  13 hobgoblins
  5 jackals
  5 kobolds
  A quokka (D:4)
  A ball python (D:4)
  A giant newt (D:1)
  A quokka zombie (D:5)
  9 rats
114 creatures vanquished.

Notes
Turn   | Place    | Note
--------------------------------------------------------------
     0 | D:1      | torvon the Merfolk Skald began the quest for the Orb.
     0 | D:1      | Reached XP level 1. HP: 16/16 MP: 3/3
    73 | D:1      | Reached XP level 2. HP: 19/23 MP: 0/5
   579 | D:1      | Reached XP level 3. HP: 28/28 MP: 6/6
   637 | D:1      | Reached skill level 4 in Charms
   643 | D:1      | Learned a level 2 spell: Shroud of Golubria
  1092 | D:2      | Reached XP level 4. HP: 17/34 MP: 1/7
  1106 | D:2      | Learned a level 3 spell: Spectral Weapon
  1810 | D:3      | Noticed torvon's ghost (amateur MfSk)
  2768 | D:2      | Reached skill level 5 in Charms
  2768 | D:2      | Reached XP level 5. HP: 31/41 MP: 3/8
  2929 | D:3      | Killed torvon's ghost
  2929 | D:3      | Reached skill level 5 in Polearms
  2929 | D:3      | Reached XP level 6. HP: 29/48 MP: 0/9
  2939 | D:3      | Found a sacrificial altar of Ru.
  2940 | D:3      | Found a shimmering altar of Xom.
  3161 | D:3      | Learned a level 3 spell: Regeneration
  3487 | D:4      | Reached skill level 6 in Charms
  3829 | D:4      | Reached XP level 7. HP: 25/54 MP: 0/10
  4045 | D:5      | Entered Level 5 of the Dungeon
  4347 | D:4      | Got a twisted trident
  4348 | D:4      | Identified the +8 trident of Votaane {flame, rPois rN+ Int+5} (You found it on level 4 of the Dungeon)
  4398 | D:4      | Found a glowing silver altar of Zin.
  4398 | D:4      | Found a shadowy altar of Dithmenos.
  4464 | D:5      | Reached skill level 7 in Charms
  4909 | D:5      | Noticed Menkaure
  4919 | D:5      | Reached XP level 8. HP: 61/61 MP: 11/11
  4923 | D:5      | Killed Menkaure
  4923 | D:5      | Reached skill level 5 in Fighting
  5081 | D:5      | Found Ziunociade's Gadget Emporium.
  5139 | D:5      | Reached skill level 1 in Shields
  5151 | D:5      | Bought a wand of lightning (5/15) for 99 gold pieces
  5617 | D:6      | Killed from afar by an orc priest

Skill      XL: |  1  2  3  4  5  6  7  8 |
---------------+-------------------------+-----
Charms         | 4 5 6 7 |  7.7
Fighting       | 3 4 5 |  5.5
Polearms       | 4 5 6 |  6.4
Dodging        | 2 4 |  4.4
Shields        | 2 |  2.3
Spellcasting   | 3 |  3.4
Armour         | |  0.6

Action                   |  1- 3 |  4- 6 |  7- 9 || total
-------------------------+-------+-------+-------++-------
Melee: Spear             |   126 |   193 |    35 ||   354
       Trident           |       |       |    88 ||    88
Throw: Tomahawk          |       |       |     3 ||     3
 Cast: Infusion          |    11 |    12 |    12 ||    35
       Shroud of Golubri |     2 |     6 |     5 ||    13
       Spectral Weapon   |       |     3 |     2 ||     5
       Regeneration      |       |     1 |     1 ||     2
Evoke: Wand              |       |       |     1 ||     1
  Use: Scroll            |       |     6 |     3 ||     9
  Eat: Meat ration       |     1 |     2 |       ||     3
       Royal jelly       |       |       |     1 ||     1
       Pizza             |       |       |     1 ||     1
Armor: Leather armour    |    36 |    39 |    36 ||   111
Dodge: Dodged            |    88 |    97 |    45 ||   230
Block: Large shield      |       |       |    14 ||    14
       Shield            |       |       |     1 ||     1
